 Dungeon Crawl Stone Soup version 0.28.0-53-g5a82cb258f (webtiles) character file.

Game seed: 18221661119107137335

94 Zeld the Conjurer (level 4, -2/24 HPs)
             Began as a Deep Elf Conjurer on June 11, 2022.
             Was an Initiate of Gozag.
             Slain by a scorpion (5 damage)
             ... on level 4 of the Dungeon.
             The game lasted 00:01:50 (1725 turns).

Zeld the Conjurer (Deep Elf Conjurer)               Turns: 1725, Time: 00:01:52

Health: -2/24      AC:  2    Str:  1 (4)  XL:     4   Next: 38%
Magic:  4/12       EV: 12    Int: 22 (25) God:    Gozag
Gold:   28         SH:  0    Dex: 11 (13) Spells: 4/11 levels left

rFire   . . .      SeeInvis .   (no weapon)
rCold   . . .      Faith    .   (no shield)
rNeg    . . .      Spirit   .   a - +0 robe
rPois   .          Reflect  .   (no helmet)
rElec   .          Harm     .   (no cloak)
rCorr   .          Rampage  .   (no gloves)
Will    .....                   (no boots)
Stlth   ++........              (no amulet)
HPRegen 0.08/turn               (no ring)
MPRegen 0.13/turn               (no ring)

@: lethally poisoned (-2 -> -10), gold aura
A: no striking features
a: Renounce Religion, Potion Petition, Call Merchant, Bribe Branch


You were on level 4 of the Dungeon.
You worshipped Gozag.
Gozag was noncommittal.
You visited 2 branches of the dungeon, and saw 5 of its levels.

You collected 69 gold pieces.
You paid 41 gold pieces to Gozag.

Inventory:

Armour
 a - a +0 robe (worn)
Scrolls
 c - a scroll of teleportation {unknown}
 d - a scroll of identify {unknown}
Potions
 b - a potion of degeneration


   Skills:
 + Level 2.5 Dodging
 + Level 2.5 Stealth
 * Level 4.0 Spellcasting
 * Level 5.1 Conjurations
 - Level 2.0 Hexes
 - Level 2.0 Translocations


You had 4 spell levels left.
You knew the following spells:

 Your Spells              Type           Power      Damage    Failure   Level
a - Magic Dart            Conj           100%       1d8       1%          1
b - Searing Ray           Conj           52%        2d6       1%          2
c - Fulminant Prism       Conj/Hex       10%        3d9       26%         4

Your spell library contained the following spells:

 Spells                   Type           Power      Damage    Failure   Level
 Dazzling Flash           Conj/Hex       40%        N/A       8%          3
 Iskenderun's Mystic Bla  Conj/Tloc      20%        2d6       26%         4


Dungeon Overview and Level Annotations

Branches:
Dungeon (4/15)             Temple (1/1) D:4

Altars:
Ashenzari
Cheibriados
Dithmenos
Elyvilon
Fedhas
Gozag
Kikubaaqudgha
Nemelex Xobeh
Qazlal
Ru
Trog
Uskayaw
Wu Jian
Xom
Zin

Annotations:
D:2 Natasha
D:3 Grinder


Message History

You are poisoned.
The scorpion poisons you!
Unknown command.
Casting: Searing Ray (safe; 1% risk of failure)
Confirm with . or Enter, or press ? or * to list all spells.
You don't know that spell.
The searing ray hits the scorpion.
The scorpion is heavily wounded.
The searing ray hits the hound skeleton!
The hound skeleton is almost destroyed.
You feel sick. The scorpion closely misses you.
Unknown command.
The searing ray hits the scorpion.
The scorpion is heavily wounded.
The searing ray hits the hound skeleton!
You destroy the hound skeleton!
You finish channelling your searing ray.
You feel sick. The scorpion barely misses you. The scorpion stings you.
You are more poisoned.
The scorpion poisons you!
Your Spellcasting skill increases to level 4!
Unknown command.
Casting: Searing Ray (safe; 1% risk of failure)
Confirm with . or Enter, or press ? or * to list all spells.
Aiming: Searing Ray (safe; 1% risk of failure)
Press: ? - help, Shift-Dir - straight line The searing ray hits the scorpion.
The scorpion is severely wounded. (Press . to maintain the ray.)
You feel very sick. The scorpion stings you!
* * * LOW HITPOINT WARNING * * *
Unknown command.
It was a potion of degeneration.
There was something very wrong with that liquid.
You feel weakened.
You feel dopey.
You feel clumsy.
* * * LOW HITPOINT WARNING * * *
You feel sick. The scorpion stings you.
You die...
Your body crumbles into a pile of gold.

#.####.###.####......
#......# #....[......
######.###.#####.....
#.................
#.#############...
#.# ##.# #.# #o# #.#
.. #@# ### #s# # #$#
.# #.#######.#
#.........#
#..8Z8.8..#
#...⌠.⌠...#
#..8.>.8..#
#...⌠.⌠...#


You could see a scorpion.

Vanquished Creatures
  Natasha (twice) (D:2)
  A hound skeleton (D:4)
  An ufetubus (D:4)
  4 orcs (D:4)
  3 bats
  2 giant cockroaches
  4 hobgoblins (D:2)
  A quokka (D:2)
  A kobold (D:1)
  5 rats
24 creatures vanquished.

Notes
Turn   | Place    | Note
-------+----------+-------------------------------------------
     0 | D:1      | Zeld the Deep Elf Conjurer began the quest for the Orb.
     0 | D:1      | Reached XP level 1. HP: 10/10 MP: 6/6
    76 | D:2      | Noticed Natasha
   263 | D:1      | Found a faded altar of an unknown god.
   310 | D:2      | Reached skill level 1 in Hexes
   395 | D:2      | Reached skill level 1 in Translocations
   395 | D:2      | Reached XP level 2. HP: 15/15 MP: 5/8
   399 | D:2      | Learned a level 2 spell: Searing Ray
   650 | D:2      | Noticed a crimson imp
   757 | D:2      | Killed Natasha
   758 | D:2      | Reached XP level 3. HP: 13/19 MP: 1/9
   897 | D:2      | Noticed Natasha
   901 | D:2      | Killed Natasha
  1071 | D:2      | Noticed Natasha
  1148 | D:3      | Noticed Grinder
  1158 | D:4      | Reached XP level 4. HP: 24/24 MP: 8/11
  1163 | D:4      | Learned a level 4 spell: Fulminant Prism
  1163 | D:4      | Noticed a scorpion
  1349 | D:4      | Found a hide-covered altar of Uskayaw.
  1357 | D:4      | Reached skill level 5 in Conjurations
  1511 | D:4      | Found a staircase to the Ecumenical Temple.
  1513 | D:4      | Noticed a scorpion
  1519 | Temple   | Entered the Ecumenical Temple
  1541 | Temple   | Became a worshipper of Gozag Ym Sagoz the Greedy
  1725 | D:4      | Slain by a scorpion

Illustrated notes

Levels and vault maps discovered:
D:1:      psy_arrival_spokes, layout_basic, basic_ecumenical_altar,
          hangedman_decor_push, minmay_misc_feat_diagonals, st_stairs_12
D:2:      layout_loops_cross, uniq_natasha
D:3:      layout_basic, uniq_sigmund, uniq_grinder, uniq_robin
D:4:      minmay_opposing_rooms, layout_loops_ring, nicolae_uskayaw_dance_hall,
          minmay_temple_entry_statues_fountains
Temple:   eino_temple_water

Skill      XL: |  1  2  3  4 |
---------------+-------------+-----
Hexes          | 1 2 |  2.0
Translocations | 1 2 |  2.0
Conjurations   | 5 |  5.1
Spellcasting   | 4 |  4.0
Dodging        | |  2.5
Stealth        | |  2.5

Action                   |  1- 3 |  4- 6 || total
-------------------------+-------+-------++-------
Melee: Unarmed           |       |     1 ||     1
 Cast: Magic Dart        |    26 |     3 ||    29
       Searing Ray       |     3 |     3 ||     6
  Use: Potion            |       |     1 ||     1
Armor: Robe              |     4 |     3 ||     7
Dodge: Dodged            |     9 |    16 ||    25
